 Dungeon Crawl Stone Soup version 0.31.0-11-ge490571c62 (webtiles) character file.

Game seed: 9857835534540834830

278520 Leszczynek the Brawler (level 20, -11/193 HPs)
             Began as a Ghoul Fire Elementalist on Jan 31, 2024.
             Was the Champion of Makhleb.
             Mangled by an ironbound frostheart (17 damage)
             ... on level 1 of the Vaults on Feb 1, 2024.
             The game lasted 03:20:43 (51516 turns).

Leszczynek the Brawler (Ghoul Fire Elementalist)   Turns: 51516, Time: 03:20:43

Health: -11/193    AC: 13    Str: 19    XL:     20   Next: 42%
Magic:  32/32      EV: 15    Int: 14    God:    Makhleb [******]
Gold:   1141       SH: 17    Dex: 11    Spells: 19/22 levels left

rFire   + .          .
                       - Unarmed
rCold   + . .        W - +0 kite shield {AC+3}
rNeg    + + +        Y - +3 chain mail {Will+}
rPois   ∞            s - +1 helmet
rElec   +            i - +1 cloak
rCorr   .            (no gloves)
SInv    .            (no boots)
Will    +++..        L - amulet of reflection Stlth
                     w - +5 ring of evasion
HPRegen 0.00/turn    q - ring "Fuogromigu" {rElec rF+ rN+ Will+}
MPRegen 0.23/turn

%: reflection
@: corroded, inhibited regen
A: claws 1, cold resistance 1, negative energy resistance 3, inhibited
regeneration, torment resistance 2, devour on kill
}: 2/15 runes: serpentine, barnacled
a: Renounce Religion, Minor Destruction, Lesser Servant of Makhleb, Major
Destruction, Greater Servant of Makhleb


You were on level 1 of the Vaults.
You worshipped Makhleb.
Makhleb was exalted by your worship.
You visited 8 branches of the dungeon, and saw 34 of its levels.
You visited 1 bazaar.
You also visited: Bailey, Ice Cave and Wizlab.

You collected 4438 gold pieces.
You spent 3297 gold pieces at shops.

Inventory:

Hand Weapons
 e - a +5 quarterstaff of speed
Missiles
 n - 6 curare-tipped darts
 v - 14 javelins
 G - 35 boomerangs (quivered)
 I - a throwing net
 T - 11 silver javelins
Armour
 i - a +1 cloak (worn)
 s - a +1 helmet (worn)
 A - the +5 chain mail of Uskayaw, Holding {Rampage rC+ Str+5 Int-4}
   (You acquired it on level 14 of the Dungeon)

   Str+5:     It affects your strength (+5).
   Int-4:     It affects your intelligence (-4).
   rC+:       It protects you from cold.
   Rampage:   It bestows one free step when moving towards enemies.
 W - a +0 kite shield of protection (worn)
 X - a +1 kite shield of reflection
 Y - a +3 chain mail of willpower (worn)
Jewellery
 a - an amulet of guardian spirit
 p - an amulet of the acrobat
 q - the ring "Fuogromigu" (right claw) {rElec rF+ rN+ Will+}
   (You took it off a merfolk on level 4 of the Shoals)

   [ring of willpower]

   rF+:       It protects you from fire.
   rElec:     It insulates you from electricity.
   rN+:       It protects you from negative energy.
   Will+:     It increases your willpower.
 w - a +5 ring of evasion (left claw)
 F - a +4 ring of protection
 L - an amulet of reflection (around neck)
 N - a ring of resist corrosion
Wands
 t - a wand of iceblast (30)
 y - a wand of paralysis (8)
 C - a wand of quicksilver (20)
 D - a wand of digging (12)
 E - a wand of flame (17)
 O - a wand of polymorph (9)
 V - a wand of mindburst (12)
Scrolls
 c - 13 scrolls of teleportation
 f - 2 scrolls of noise {!r}
 j - 6 scrolls of vulnerability {!r}
 m - 7 scrolls of fog
 o - 5 scrolls of blinking
 r - 2 scrolls of revelation
 x - 4 scrolls of enchant armour
 B - 5 scrolls of fear
 J - 3 scrolls of summoning
 S - 6 scrolls of identify {@r1}
 U - a scroll of poison
Potions
 b - 3 potions of magic
 d - a potion of resistance
 g - 11 potions of curing {@q1}
 h - a potion of cancellation
 k - 6 potions of heal wounds {@q2}
 l - 4 potions of might
 u - 8 potions of haste
 z - 5 potions of enlightenment
 P - 2 potions of ambrosia
 Q - 4 potions of invisibility
Miscellaneous
 H - a phial of floods
 K - a lightning rod (4/4)
 M - a condenser vane
 R - a phantom mirror


   Skills:
 + Level 20.1 Fighting
 - Level 8.0 Armour
 - Level 9.1 Dodging
 - Level 2.1 Stealth
 + Level 12.7 Shields
 + Level 20.8 Unarmed Combat
 - Level 1.7 Spellcasting
 - Level 2.0 Conjurations
 - Level 3.0 Fire Magic
 + Level 16.3 Invocations
 + Level 11.3 Evocations


You had 19 spell levels left.
You knew the following spells:

 Your Spells              Type           Power      Damage    Failure   Level
a - Foxfire               Conj/Fire      32%        2x1d5     71%         1
b - Scorch                Fire           18%        2d5       77%         2

Your spell library contained the following spells:

 Spells                   Type           Power      Damage    Failure   Level
 Static Discharge         Conj/Air       8%         3-4/arc   96%         2
 Call Imp                 Summ           2%         N/A       99%         2
 Ensorcelled Hibernation  Hex/Ice        2%         N/A       99%         2
 Hailstorm                Conj/Ice       4%         3d5       99%         3
 Inner Flame              Hex/Fire       5%         N/A       99%         3
 Volatile Blastmotes      Fire/Tloc      10%        2d10      99%         3
 Fugue of the Fallen      Necr           1%         N/A       100%        3
 Summon Ice Beast         Ice/Summ       1%         N/A       100%        3
 Tukima's Dance           Hex            1%         N/A       100%        3
 Airstrike                Air            0%         2d(1-17)  100%        4
 Anguish                  Hex/Necr       0%         N/A       100%        4
 Brom's Barrelling Bould  Conj/Erth      4%         2d3       100%        4
 Dimensional Bullseye     Hex/Tloc       0%         N/A       100%        4
 Flame Wave               Conj/Fire      8%         2d5       100%        4
 Iskenderun's Mystic Bla  Conj/Tloc      4%         2d3       100%        4
 Summon Lightning Spire   Summ/Air       1%         N/A       100%        4
 Fireball                 Conj/Fire      4%         3d4       100%        5
 Iskenderun's Battlesphe  Conj           6%         2d6       100%        5
 Conjure Ball Lightning   Conj/Air       2%         3x3d6     100%        6
 Plasma Beam              Fire/Air       2%         2x1d12    100%        6
 Sculpt Simulacrum        Ice/Alch       0%         N/A       100%        6
 Starburst                Conj/Fire      4%         6d3       100%        6
 Orb of Destruction       Conj           3%         9d5       100%        7
 Ozocubu's Refrigeration  Ice            0%         4d7       100%        7
 Summon Hydra             Summ           0%         N/A       100%        7
 Polar Vortex             Ice            0%         N/A       100%        9
 Sublimation of Blood     Necr           Unusable   N/A       N/A         2

Dungeon Overview and Level Annotations

Branches:
Dungeon (15/15)            Temple (1/1) D:5            Lair (5/5) D:10
 Shoals (4/4) Lair:3        Snake (4/4) Lair:3        Slime (0/5) Lair:5
    Orc (2/2) D:9             Elf (1/3) Orc:2        Vaults (2/5) D:13
 Depths (0/4) D:15         Bailey (visited)           IceCv (visited)
 WizLab (visited)
  Crypt: Vaults:2-3

Altars:
Ashenzari
Cheibriados
Dithmenos
Fedhas
Gozag
Hepliaklqana
Kikubaaqudgha
Makhleb
Nemelex Xobeh
Okawaru
Qazlal
Ru
Sif Muna
Trog
Uskayaw
Vehumet
Wu Jian
Xom
Yredelemnul

Shops:
D:15 =   Orc:2 :?**   Snake:1 [(:=   Snake:3 =::   Vaults:1 [

Portals:
Trove: D:15 (give 7 potions of haste)

Annotations:
D:2 1 runed translucent door, Crazy Yiuf
D:3 exclusions: goblin and kobold, Sigmund
D:5 Edmund
D:7 5 transporters
D:9 3 runed translucent doors, 7tar4e's ghost, novice TrSh; Millikuen's ghost, novice MiFi; Skimidon's ghost, novice FeCA; kaychamo's ghost, novice OnBr
D:15 TROVE: 7 !haste
Lair:5 1 runed translucent door
Shoals:3 Mara
Snake:3 1 runed translucent door, Suckerboh's ghost, adept MiFi
Vaults:1 2 transporters, theMacoje's ghost, adept OnEn


Innate Abilities, Weirdness & Mutations

You are immune to poison.
You have sharp fingernails.
Your flesh is cold resistant. (rC+)
You are immune to negative energy. (rN+++)
You do not regenerate when monsters are visible.
You are immune to unholy pain and torment.
You thrive by killing the living.


Message History

Unknown command.
Aiming: Paralyse
Press: ? - help, Shift-Dir - straight line, f - ironbound frostheart
Aim: an ironbound frostheart, wearing a +0 scale mail (severely wounded, strong, chance to affect: 56%)
Okay, then.
You closely miss the ironbound frostheart.
The ironbound frostheart is severely wounded.
The slime creature closely misses you.
You scratch the ironbound frostheart.
The ironbound frostheart is severely wounded.
The ironbound frostheart touches you but does no damage.
The slime creature hits you!
* * * LOW HITPOINT WARNING * * *
Unknown command.
Unknown command.
You feel much better.
You block the ironbound frostheart's attack.
The slime creature closely misses you.
You claw the ironbound frostheart!
The ironbound frostheart is almost dead.
You block the ironbound frostheart's attack.
You block the slime creature's attack.
You scratch the ironbound frostheart but do no damage.
The ironbound frostheart is almost dead.
The ironbound frostheart touches you!!
* * * LOW HITPOINT WARNING * * *
The ironbound frostheart freezes you. You resist.
* * * LOW HITPOINT WARNING * * *
Unknown command.
Unknown command.
Aiming: Paralyse
Press: ? - help, Shift-Dir - straight line, f - ironbound frostheart
Aim: an ironbound frostheart, wearing a +0 scale mail (almost dead, strong, chance to affect: 56%)
The ironbound frostheart resists with significant effort.
The slime creature hits you!
* * * LOW HITPOINT WARNING * * *
The ironbound frostheart touches you.
* * * LOW HITPOINT WARNING * * *
The ironbound frostheart freezes you! You resist.
You die...

....#....#........#
.#....#..'........#
...#..#############
#..#### ####
#'####### #..###
........# ##....###
........# #.......###
........###.....J)..#
........##......@[..#
........##.......p.##
........'..........#
#########.........##
.### ###.......#
...## ###....## ....#
###..# [...# ####
...##


You could see a slime creature and an ironbound frostheart (strong).

Vanquished Creatures
  Bai Suzhen (Shoals:4)
  Mlioglotl (Shoals:4)
  Jorgrun (D:13)
  Rupert (D:13)
  3 deep elf master archers (WizLab)
  A sphinx (Vaults:1)
  Aizul (Shoals:4)
  7 nagarajas
  A frost giant (Shoals:4)
  3 fenstrider witches (WizLab)
  A vault warden (Vaults:1)
  Louise (Snake:3)
  2 orc warlords (Orc:2)
  5 ironbound preservers
  A very ugly thing (D:15)
  8 ironbound thunderhulks
  A stone giant (D:15)
  7 dire elephants
  3 eleionomae (WizLab)
  A white draconian (IceCv)
  5 merfolk javelineers
  10 merfolk impalers
  2 shambling mangroves (WizLab)
  Josephine (Orc:2)
  2 fire dragons
  3 yaktaur captains (Vaults:1)
  A hydra (Lair:5)
  A salamander tyrant (Snake:4)
  A vault guard (D:13)
  2 catoblepae
  An ogre mage (D:15)
  3 merfolk avatars
  5 ironbound frosthearts
  5 boulder beetles
  An alligator snapping turtle (Shoals:3)
  13 anacondas
  6 two-headed ogres
  2 satyrs (WizLab)
  12 centaur warriors
  A deep troll shaman (Lair:5)
  10 death yaks
  A merfolk aquamancer (Shoals:3)
  12 naga warriors
  2 tengu warriors (D:15)
  11 naga sharpshooters
  4 orc high priests (Orc:2)
  7 shock serpents
  7 skysharks
  3 salamander mystics
  Nergalle (Lair:2)
  8 skeletal warriors (D:15)
  8 sea snakes
  17 deep trolls
  5 deep elf archers (WizLab)
  7 naga ritualists
  2 ironbound convokers (Vaults:1)
  2 deep elf pyromancers
  2 necromancers
  10 mana vipers
  7 lindwurms
  5 orc knights
  15 harpies
  2 deep elf zephyrmancers (D:15)
  14 ugly things
  2 oklob plants
  4 orc sorcerers (Orc:2)
  8 salamanders
  10 cyclopes
  14 manticores
  Maurice (D:8)
  20 fauns
  A fire giant skeleton (Vaults:1)
  4 vault sentinels (Vaults:1)
  5 elephants (Lair:5)
  10 kobold blastminers
  16 naga magi
  13 guardian serpents
  48 black mambas
  7 merfolk sirens
  11 cane toads
  12 water nymphs
  2 ice statues (IceCv)
  2 torpor snails (Lair:5)
  2 gargoyles
  An unseen horror (D:11)
  8 komodo dragons
  Jeremiah (D:6)
  7 rime drakes
  11 yaktaurs
  2 tengu conjurers
  A freezing wraith (D:15)
  3 wind drakes
  A polar bear (shapeshifter) (D:15)
  28 merfolk
  8 trolls
  Prince Ribbit (D:8)
  2 polar bears
  7 hornets
  4 snapping turtles
  4 dream sheep
  3 blink frogs (Lair:5)
  A fire giant simulacrum (Vaults:1)
  12 slime creatures
  A centaur simulacrum (D:15)
  5 spriggans (Bailey)
  4 water elementals
  4 shadows
  65 yaks
  4 wraiths
  2 wyverns
  7 wargs (Orc:2)
  3 steam dragons
  4 vampire mosquitoes
  4 acid dragons
  37 nagas
  14 water moccasins
  48 orc warriors
  An ice beast (D:5)
  2 sky beasts
  2 laughing skulls (D:13)
  A swamp drake (Vaults:2)
  4 black bears
  13 ogres
  A boggart (Vaults:1)
  8 centaurs
  2 elephant zombies
  11 wolves
  A phantom (D:4)
  A weeping skull (D:8)
  An elf zombie (D:8)
  2 komodo dragon zombies (Lair:3)
  Blork the orc (D:6)
  15 bullfrogs
  A human simulacrum (Vaults:1)
  3 scorpions
  A gnoll sergeant (D:8)
  4 wights (D:6)
  5 killer bees (D:9)
  3 lindwurm simulacra (IceCv)
  4 electric eels (Lair:3)
  2 howler monkeys
  A bombardier beetle (D:3)
  A centaur zombie (D:8)
  2 hounds
  4 komodo dragon simulacra (IceCv)
  A basilisk zombie (Lair:3)
  28 orc priests
  A sleepcap (D:5)
  A jelly (D:6)
  Natasha (twice) (D:2 D:1)
  2 iguanas
  3 scorpion zombies (D:8)
  14 orc wizards
  A killer bee zombie (D:8)
  An ogre zombie (D:8)
  5 howler monkey zombies (D:8)
  Robin (D:3)
  4 gnolls (D:8)
  7 acid dragon simulacra (IceCv)
  5 adders
  3 river rats (D:10)
  A white imp (D:6)
  6 steam dragon simulacra (IceCv)
  2 ufetubi (D:5)
  An adder zombie (D:8)
  3 dart slugs (D:4)
  4 ribbon worms
  95 orcs
  9 ball pythons
  2 endoplasms (D:3)
  A giant cockroach (D:1)
  11 goblins
  10 hobgoblins
  4 jackals (D:1)
  7 quokkas
  6 bats
  3 frilled lizards
  5 kobolds
  8 rats
1142 creatures vanquished.

Vanquished Creatures (collateral kills)
  Asterion (Snake:1)
  A tengu reaver (D:15)
  Ilsuiw (Shoals:2)
  3 dire elephants (Vaults:1)
  3 merfolk impalers (Shoals:2)
  3 merfolk javelineers (Shoals:2)
  An ice dragon (Shoals:3)
  3 vault guards (D:13)
  A boulder beetle (D:13)
  A skyshark (Shoals:3)
  2 harpies (Shoals:4)
  A faun (Shoals:3)
  A cyclops (D:13)
  A manticore (Shoals:4)
  A salamander (Snake:1)
  A guardian serpent (Snake:1)
  A black mamba (Snake:1)
  A gargoyle (D:13)
  2 merfolk (Shoals:2)
  5 slime creatures
  A wraith (D:13)
  2 vampire mosquitoes (D:13)
  2 orc warriors (Orc:2)
  4 boggarts (Vaults:1)
  3 orcs (Orc:2)
  A foxfire (D:5)
47 creatures vanquished.

Vanquished Creatures (others)
  A black mamba (Snake:1)
  A naga (Snake:2)
  An orc (Orc:1)
  228 foxfires
231 creatures vanquished.

Grand Total: 1420 creatures vanquished

Notes
Turn   | Place    | Note
-------+----------+-------------------------------------------
     0 | D:1      | Leszczynek the Ghoul Fire Elementalist began the quest for
                  | the Orb.
     0 | D:1      | Reached XP level 1. HP: 14/14 MP: 3/3
    62 | D:1      | Reached skill level 1 in Conjurations
   174 | D:1      | Reached XP level 2. HP: 20/20 MP: 0/4
   689 | D:1      | Reached XP level 3. HP: 26/26 MP: 3/5
   826 | D:1      | Learned a level 2 spell: Scorch
   901 | D:2      | Reached skill level 3 in Fire Magic
   912 | D:2      | Reached skill level 1 in Unarmed Combat
  1413 | D:2      | Reached XP level 4. HP: 34/34 MP: 6/6
  1525 | D:2      | Noticed Natasha
  1537 | D:2      | Killed Natasha
  1538 | D:2      | Reached skill level 1 in Fighting
  1538 | D:2      | Reached skill level 2 in Unarmed Combat
  1538 | D:2      | Reached skill level 2 in Conjurations
  1595 | D:2      | Noticed Natasha
  1610 | D:1      | HP: 6/35 [Natasha (5)]
  1613 | D:1      | Killed Natasha
  1944 | D:2      | Found a runed translucent door.
  1945 | D:2      | Noticed Crazy Yiuf
  2141 | D:3      | Noticed Sigmund
  2183 | D:3      | Found a faded altar of an unknown god.
  2258 | D:3      | Reached XP level 5. HP: 41/41 MP: 7/7
  2325 | D:3      | Found a bloodstained altar of Trog.
  2370 | D:3      | Reached skill level 3 in Unarmed Combat
  2530 | D:3      | Noticed Robin
  2544 | D:3      | Killed Robin
  2545 | D:3      | Reached skill level 2 in Fighting
  2647 | D:3      | Found a shimmering blue altar of Sif Muna.
  3578 | D:4      | Noticed a phantom
  3586 | D:4      | Killed a phantom
  3587 | D:4      | Reached skill level 4 in Unarmed Combat
  3587 | D:4      | Reached XP level 6. HP: 42/50 MP: 4/8
  3826 | D:5      | Entered Level 5 of the Dungeon
  3881 | D:5      | Reached skill level 3 in Fighting
  3933 | D:5      | Found a staircase to the Ecumenical Temple.
  3970 | Temple   | Entered the Ecumenical Temple
  3997 | Temple   | Became a worshipper of Makhleb the Destroyer
  4032 | D:5      | Noticed a rust devil
  4103 | D:5      | You fall into a shaft and drop 1 floor!
  4147 | D:5      | Noticed an ice beast
  4155 | D:5      | Killed an ice beast
  4156 | D:5      | Reached skill level 5 in Unarmed Combat
  4252 | D:5      | Reached XP level 7. HP: 57/57 MP: 9/9
  4325 | D:5      | Noticed an angel
  4692 | D:5      | Noticed Edmund
  4693 | D:5      | >flail of holy wrath
  4693 | D:5      | >leather armour of fire resistance
  4693 | D:5      | right
  4814 | D:6      | Found a stormy altar of Qazlal.
  4832 | D:5      | Reached skill level 4 in Fighting
  4832 | D:5      | Reached skill level 6 in Unarmed Combat
  5000 | D:6      | Reached skill level 7 in Unarmed Combat
  5036 | D:6      | Reached XP level 8. HP: 57/67 MP: 10/10
  5083 | D:6      | Reached skill level 5 in Fighting
  5088 | D:6      | Noticed Blork the orc
  5208 | D:6      | Killed Blork the orc
  5251 | D:6      | Reached skill level 8 in Unarmed Combat
  5471 | D:6      | >triple crossbow
  5537 | D:6      | Reached skill level 6 in Fighting
  5645 | D:6      | Reached skill level 9 in Unarmed Combat
  5770 | D:6      | Noticed Jeremiah
  5842 | D:6      | Killed Jeremiah
  5843 | D:6      | Reached XP level 9. HP: 29/78 MP: 11/11
  6011 | D:7      | Found a transporter.
  6011 | D:7      | Found a transporter.
  6011 | D:7      | Noticed a kobold demonologist
  6011 | D:7      | Noticed a troll
  6078 | D:7      | Reached skill level 2 in Dodging
  6113 | D:7      | Found a transporter.
  6113 | D:7      | Noticed a green ugly thing
  6153 | D:7      | Noticed a hornet
  6154 | D:7      | Noticed a two-headed ogre
  6163 | D:7      | Killed a hornet
  6164 | D:7      | Reached skill level 7 in Fighting
  6164 | D:7      | Reached skill level 10 in Unarmed Combat
  6241 | D:7      | Found a transporter.
  6289 | D:7      | Found a transporter.
  6322 | D:7      | Reached skill level 3 in Dodging
  6438 | D:7      | Identified the +3 dagger "Difif" {holy, rN+}
  7040 | D:7      | Found a sacrificial altar of Ru.
  7040 | D:7      | Found a shadowy altar of Dithmenos.
  7046 | D:7      | Found a faded altar of an unknown god.
  7048 | D:7      | Found a basalt altar of Yredelemnul.
  7050 | D:7      | Found a faded altar of an unknown god.
  7392 | D:8      | Reached skill level 4 in Dodging
  7516 | D:8      | Reached skill level 11 in Unarmed Combat
  7522 | D:8      | Reached XP level 10. HP: 77/88 MP: 12/12
  7529 | D:8      | Reached * piety under Makhleb
  7536 | D:8      | Reached skill level 8 in Fighting
  7536 | D:8      | Reached skill level 5 in Dodging
  7544 | D:8      | HP: 17/88 [yak (10)]
  7889 | D:8      | Noticed Prince Ribbit
  7903 | D:8      | Killed Prince Ribbit
  8049 | D:8      | Found a basalt altar of Yredelemnul.
  8049 | D:8      | Noticed Maurice
  8056 | D:8      | Killed Maurice
  8093 | D:8      | Identified the +1 robe of Hide-and-Seek {^Drain Will-
                  | Dex+7}
  8483 | D:9      | Found a runed translucent gate.
  8484 | D:9      | Found a runed translucent gate.
  8485 | D:9      | Found a runed translucent gate.
  8486 | D:9      | Noticed Skimidon's ghost (novice FeCA)
  8486 | D:9      | Noticed Millikuen's ghost (novice MiFi)
  8486 | D:9      | Noticed kaychamo's ghost (novice OnBr)
  8487 | D:9      | Noticed 7tar4e's ghost (novice TrSh)
  8506 | D:9      | Reached skill level 6 in Dodging
  8610 | D:9      | Reached ** piety under Makhleb
  8611 | D:9      | Reached skill level 12 in Unarmed Combat
  8611 | D:9      | Reached skill level 1 in Invocations
  8630 | D:9      | Reached skill level 2 in Invocations
  9190 | D:9      | Reached skill level 9 in Fighting
  9219 | D:9      | "49%"
  9385 | D:9      | Found a staircase to the Orcish Mines.
  9621 | D:10     | Entered Level 10 of the Dungeon
  9646 | D:9      | Reached skill level 3 in Invocations
  9646 | D:9      | Reached XP level 11. HP: 95/97 MP: 13/13
  9672 | D:9      | Reached skill level 1 in Evocations
  9692 | D:9      | Reached skill level 13 in Unarmed Combat
  9722 | D:10     | Noticed a death yak
  9723 | D:10     | huh?
  9774 | D:10     | Found a flagged portal.
  9786 | Bailey   | Entered a bailey
  9904 | Bailey   | Reached skill level 4 in Invocations
  9904 | Bailey   | Reached skill level 2 in Evocations
 10047 | Bailey   | Noticed a two-headed ogre
 10068 | Bailey   | Killed a two-headed ogre
 10330 | Bailey   | looks pretty shitty for a bailey, not gonna lie
 10724 | D:10     | Noticed a death yak
 10921 | D:10     | Noticed a death yak
 10960 | D:10     | Killed a death yak
 11026 | D:10     | Killed a death yak
 11027 | D:10     | Reached skill level 10 in Fighting
 11027 | D:10     | Reached skill level 3 in Evocations
 11052 | D:10     | Killed a death yak
 11053 | D:10     | Reached skill level 5 in Invocations
 11262 | D:10     | Found a staircase to the Lair.
 11358 | D:10     | Reached *** piety under Makhleb
 11476 | Lair:1   | Entered Level 1 of the Lair of Beasts
 11511 | Lair:1   | great
 11653 | D:10     | Reached skill level 14 in Unarmed Combat
 11664 | D:10     | HP: 15/101 [komodo dragon (26)]
 11852 | D:10     | Reached XP level 12. HP: 107/107 MP: 16/16
 12132 | Lair:1   | Reached skill level 6 in Invocations
 12299 | Lair:1   | Reached skill level 4 in Evocations
 12314 | Lair:1   | Reached skill level 11 in Fighting
 12754 | Lair:2   | Identified the +5 dagger "Gotyruu" {holy, *Rage +Blink
                  | Str+3 Int+7}
 13148 | Lair:2   | Reached skill level 7 in Invocations
 13164 | Lair:2   | Reached **** piety under Makhleb
 13814 | Lair:3   | Noticed Nergalle
 13903 | Lair:2   | Killed Nergalle
 14057 | Lair:2   | Reached skill level 12 in Fighting
 14057 | Lair:2   | Reached skill level 8 in Invocations
 14088 | Lair:3   | Reached skill level 5 in Evocations
 14327 | Lair:3   | Noticed a death yak
 14327 | Lair:3   | Noticed a death yak
 14355 | Lair:3   | Noticed a death yak
 14370 | Lair:3   | Noticed a death yak
 14376 | Lair:3   | Killed a death yak
 14377 | Lair:3   | Reached skill level 7 in Dodging
 14564 | Lair:2   | HP: 13/112 [death yak (21)]
 14568 | Lair:2   | Killed a death yak
 14570 | Lair:2   | motherfucker
 14965 | Lair:2   | Killed a death yak
 14966 | Lair:2   | Reached XP level 13. HP: 108/119 MP: 19/19
 15091 | Lair:3   | Found a staircase to the Snake Pit.
 15108 | Lair:3   | Reached skill level 9 in Invocations
 15378 | Lair:3   | Found a staircase to the Shoals.
 15564 | Lair:3   | Reached skill level 13 in Fighting
 16249 | Lair:4   | Reached skill level 6 in Evocations
 16249 | Lair:4   | oh
 16249 | Lair:4   | skysharks don't get buffed if they bite undead?
 16249 | Lair:4   | "taste of blood", right, makes sense
 16505 | Lair:4   | Reached skill level 10 in Invocations
 17035 | Lair:5   | Entered Level 5 of the Lair of Beasts
 17076 | Lair:5   | Reached skill level 1 in Armour
 17517 | Lair:5   | Reached skill level 2 in Armour
 17729 | Lair:5   | Found a runed translucent door.
 17730 | Lair:5   | Found a staircase to the Slime Pits.
 17730 | Lair:5   | Noticed an azure jelly
 17730 | Lair:5   | Noticed an azure jelly
 17731 | Lair:5   | Noticed an azure jelly
 17752 | Lair:5   | maybe later
 18003 | Lair:5   | Reached skill level 3 in Armour
 18040 | Lair:5   | Reached ***** piety under Makhleb
 18497 | Lair:5   | Reached skill level 15 in Unarmed Combat
 18497 | Lair:5   | Reached XP level 14. HP: 91/129 MP: 21/21
 18687 | Lair:5   | a shield would be nice...
 18883 | Lair:4   | HP: 19/129 [death yak (16)]
 19321 | Lair:4   | Reached skill level 4 in Armour
 19698 | Lair:5   | Identified the staff of Qubbo {rElec rPois Alchemy}
 19711 | Lair:5   | Identified the +4 trident of Ysuenoc {vamp, Fly Str+6}
 20048 | D:11     | Found a broken altar of Ashenzari.
 20236 | D:11     | Reached skill level 7 in Evocations
 21487 | Orc:1    | Entered Level 1 of the Orcish Mines
 21659 | Orc:1    | Reached skill level 5 in Armour
 22004 | Orc:2    | Entered Level 2 of the Orcish Mines
 22055 | Orc:2    | Reached skill level 11 in Invocations
 22341 | Orc:2    | ow
 22531 | Orc:2    | Reached skill level 14 in Fighting
 22575 | Orc:2    | Noticed Josephine
 22587 | Orc:2    | Killed Josephine
 22625 | Orc:2    | HP: 24/132 [orc warrior/+0 mace[an orc knight] (18)]
 22628 | Orc:2    | unkillable orc warrior
 22628 | Orc:2    | gotta love the rng
 23515 | Orc:2    | oof
 23518 | Orc:2    | Reached skill level 16 in Unarmed Combat
 23641 | Orc:2    | Found Lyhuos's General Store.
 23732 | Orc:2    | Bought a scroll of identify for 32 gold pieces
 23741 | Orc:2    | Found Keracoj's Assorted Antiques.
 23741 | Orc:2    | Noticed an orc warlord
 23753 | Orc:2    | Killed an orc warlord
 24081 | Orc:2    | acrobat or guardian spirit
 24081 | Orc:2    | probably the latter?
 24081 | Orc:2    | depends on the situation really, right?
 24296 | Orc:2    | Found a staircase to the Elven Halls.
 24409 | Orc:2    | Reached ****** piety under Makhleb
 24441 | Orc:2    | wow, second ring
 24441 | Orc:2    | :O
 24547 | Orc:2    | Reached XP level 15. HP: 136/138 MP: 21/23
 24568 | Orc:2    | Reached skill level 8 in Evocations
 24568 | Orc:2    | Noticed an orc warlord
 24606 | Orc:2    | Killed an orc warlord
 24649 | Orc:2    | Found Wevi's Magic Scroll Emporium.
 24920 | Orc:2    | Found Luciol's Book Shop.
 25046 | Orc:2    | Bought a manual of Fighting for 1040 gold pieces
 25105 | Orc:2    | Bought a phial of floods for 1120 gold pieces
 25105 | Orc:2    | Bought a scroll of blinking for 210 gold pieces
 25105 | Orc:2    | Bought a scroll of teleportation for 84 gold pieces
 25164 | Orc:2    | Bought a scroll of fear for 52 gold pieces
 25164 | Orc:2    | Bought a scroll of teleportation for 39 gold pieces
 25164 | Orc:2    | Bought a scroll of teleportation for 39 gold pieces
 25164 | Orc:2    | Bought a scroll of fog for 52 gold pieces
 25164 | Orc:2    | Bought a scroll of identify for 26 gold pieces
 25482 | Orc:2    | uh
 25515 | Orc:2    | Paralysed by an orc sorcerer for 5 turns
 25522 | Orc:2    | Reached skill level 12 in Invocations
 26253 | D:12     | bazaar
 26253 | D:12     | when i spent every fucking penny
 26253 | D:12     | lmao
 26253 | D:12     | thanks game
 26379 | D:12     | Reached skill level 8 in Dodging
 26831 | D:12     | Reached skill level 17 in Unarmed Combat
 26959 | D:12     | Found a flickering gateway to a bazaar.
 26979 | Bazaar   | Entered a bazaar
 26980 | Bazaar   | 106 gold, let's go
 26993 | Bazaar   | Found Onguh's Magic Scroll Emporium.
 26998 | Bazaar   | Bought a scroll of summoning for 104 gold pieces
 26998 | Bazaar   | eh, not all was lost
 27014 | Bazaar   | Found Setwualis's Magic Scroll Shoppe.
 27014 | Bazaar   | Found Patonlidui's Antique Weapon Emporium.
 27034 | Bazaar   | Found Oceodix's Book Emporium.
 27056 | D:12     | one ?enchant armor and a few ?teleportations mostly
 27056 | D:12     | nothing to cry about
 27268 | D:13     | Found a frozen archway.
 27297 | D:13     | Noticed Rupert
 27298 | IceCv    | Entered an ice cave
 27918 | D:13     | uh oh
 27936 | D:12     | and i have exactly 0 willpower
 27972 | D:13     | Noticed Jorgrun
 27973 | D:13     | lmao
 27975 | D:12     | yeah, I'm out
 27975 | D:12     | no will+ items save for potions, let's go
 27975 | D:12     | and no rF
 27975 | D:12     | THAT will hurt a lot
 28124 | Snake:1  | Entered Level 1 of the Snake Pit
 28124 | Snake:1  | Noticed a nagaraja
 28125 | Snake:1  | ...
 28125 | Snake:1  | open entrance
 28125 | Snake:1  | 22 monsters in sight, including 2 guardian serpents
 28127 | Lair:3   | fuck no
 28164 | Shoals:1 | Entered Level 1 of the Shoals
 28236 | Lair:3   | looking grim tbh
 28307 | Lair:3   | oka would be nice here
 28748 | Shoals:1 | HP: 23/139 [harpy (9)]
 28994 | Shoals:1 | really grim
 29100 | Shoals:2 | wow, that's fair
 29100 | Shoals:2 | and what do i do against this?
 29123 | Shoals:2 | ok, you can force an avatar to come close by breaking line
                  | of sight with fog or steam
 29200 | Shoals:1 | normal merfolk are yellow threats
 29200 | Shoals:1 | grim
 29368 | Shoals:1 | Reached skill level 15 in Fighting
 29777 | Shoals:1 | minor destruction doesn't do shit anymore :(
 30460 | Shoals:2 | at least i'm winning 1v1s against impalers...
 30521 | Shoals:2 | Noticed Ilsuiw
 30525 | Shoals:2 | Reached skill level 18 in Unarmed Combat
 30534 | Shoals:2 | Killed Ilsuiw
 30535 | Shoals:2 | Reached skill level 9 in Dodging
 30535 | Shoals:2 | Reached XP level 16. HP: 101/149 MP: 18/25
 30567 | Shoals:2 | Reached skill level 13 in Invocations
 30803 | Shoals:3 | way too many for comfort
 31325 | Shoals:3 | Reached skill level 16 in Fighting
 31544 | Shoals:3 | Noticed Mara
 31721 | Shoals:4 | Entered Level 4 of the Shoals
 32103 | Shoals:3 | Identified the +0 animal skin of Bedazzled Salvation
                  | {Will++}
 32208 | Shoals:2 | HP: 23/151 [water nymph/the raging water (12)]
 32642 | Shoals:2 | HOW
 32642 | Shoals:2 | HOW DID YOU WAKE UP
 32642 | Shoals:2 | YOU WERE TWO SCREENS AWAY
 32642 | Shoals:2 | fucking bullshit
 32642 | Shoals:2 | it's not a quiet branch
 32642 | Shoals:2 | it's a fucking beach with fucking waves
 32949 | Shoals:3 | Identified the +1 robe "Kekhled" {Will+ Slay+2}
 33750 | Shoals:4 | Reached skill level 6 in Armour
 33764 | Shoals:4 | Reached skill level 19 in Unarmed Combat
 33874 | Shoals:4 | Identified the +9 quarterstaff "Icy Kifu" {drain, rPois}
 33938 | Shoals:4 | no
 33938 | Shoals:4 | i will not use a potion in 1v1
 33938 | Shoals:4 | i'd rather die to retarded rng
 33938 | Shoals:4 | as a further proof this game is bullshit
 35006 | Shoals:4 | Reached skill level 17 in Fighting
 35111 | Shoals:4 | Reached XP level 17. HP: 161/161 MP: 24/27
 35111 | Shoals:4 | Noticed Mlioglotl
 35115 | Shoals:4 | Identified the serpent talisman "Oxzuput" {rF+ rN+}
 35115 | Shoals:4 | Noticed Aizul
 35120 | Shoals:4 | Noticed Bai Suzhen
 35121 | Shoals:4 | oh really
 35121 | Shoals:4 | are you sure about all this
 35141 | Shoals:4 | Killed Bai Suzhen
 35145 | Shoals:4 | of course you won't drop the armor
 35198 | Shoals:4 | Identified the ring "Fuogromigu" {rElec rF+ rN+ Will+}
 35206 | Shoals:4 | Killed Aizul
 35207 | Shoals:4 | Reached skill level 14 in Invocations
 35242 | Shoals:4 | wow, a ring
 35445 | Shoals:4 | Got a barnacled rune of Zot
 35469 | Shoals:4 | Killed Mlioglotl
 36040 | D:13     | Killed Jorgrun
 36156 | D:13     | Found a gate to the Vaults.
 36166 | D:13     | Reached skill level 7 in Armour
 36545 | D:13     | Killed Rupert
 37036 | D:14     | Reached skill level 20 in Unarmed Combat
 37051 | D:14     | Reached skill level 9 in Evocations
 37124 | D:14     | Identified a scroll of acquirement
 37125 | D:14     | Acquired the +5 chain mail of Uskayaw, Holding {Rampage rC+
                  | Str+5 Int-4}
 37423 | D:14     | Reached skill level 18 in Fighting
 37799 | D:15     | Entered Level 15 of the Dungeon
 37910 | D:15     | Found a transporter.
 37925 | D:15     | Reached skill level 1 in Shields
 37939 | D:15     | Found Foma's Jewellery Shoppe.
 37941 | D:15     | Found a transporter.
 37946 | D:15     | Bought a +5 ring of evasion for 432 gold pieces
 37986 | D:15     | Reached skill level 2 in Shields
 37999 | D:15     | uh
 38031 | D:15     | Reached skill level 3 in Shields
 38076 | D:15     | Reached skill level 4 in Shields
 38102 | D:15     | Found a staircase to the Depths.
 38605 | D:15     | Reached skill level 5 in Shields
 38652 | D:15     | Reached skill level 6 in Shields
 39081 | D:15     | Found a portal to a secret trove of treasure.
 39090 | D:15     | seven potions of haste to enter the trove
 39090 | D:15     | how is this EVER worth it?
 39090 | D:15     | they really should balance this properly
 39090 | D:15     | unless you're a formicid i guess
 39090 | D:15     | or maaaaybe a spriggan (probably still not worth it)
 39332 | Orc:2    | Bought a wand of polymorph (3) for 67 gold pieces
 39399 | Elf:1    | Entered Level 1 of the Elven Halls
 39405 | Elf:1    | 17% banishment
 39405 | Elf:1    | cya
 39412 | Orc:2    | maybe later
 39723 | Snake:1  | Reached XP level 18. HP: 165/172 MP: 21/28
 39823 | Snake:1  | Found Echugaim's Antique Weapon Emporium.
 39824 | Snake:1  | Found Abepty's Jewellery Shoppe.
 39824 | Snake:1  | Found Ogocac's Armour Emporium.
 39829 | Snake:1  | Found Tukhua's Book Shoppe.
 40100 | Snake:1  | Noticed Asterion
 40119 | Snake:1  | Killed Asterion
 40982 | Snake:1  | Reached skill level 8 in Armour
 41038 | Snake:1  | Reached skill level 7 in Shields
 41492 | Snake:2  | Reached skill level 15 in Invocations
 41852 | Snake:1  | Reached skill level 19 in Fighting
 42046 | Snake:2  | Reached skill level 10 in Evocations
 42564 | Snake:3  | Found Lutiplea's Jewellery Emporium.
 42564 | Snake:3  | Found Kuewken's Book Boutique.
 42565 | Snake:3  | Found Jidedos's Book Boutique.
 42613 | Snake:3  | Found a runed translucent door.
 42614 | Snake:3  | Found a shimmering altar of Xom.
 42614 | Snake:3  | Noticed Suckerboh's ghost (adept MiFi)
 42908 | Snake:3  | Noticed Louise
 42933 | Snake:3  | Killed Louise
 43233 | Snake:4  | Entered Level 4 of the Snake Pit
 43283 | Snake:4  | Reached skill level 8 in Shields
 43558 | Snake:4  | HP: 29/176 [naga sharpshooter/arrow (14)]
 43565 | Snake:4  | Reached XP level 19. HP: 47/183 MP: 30/30
 44141 | Snake:4  | Reached skill level 9 in Shields
 44810 | Snake:4  | Reached skill level 10 in Shields
 45376 | Snake:4  | Got a serpentine rune of Zot
 46019 | Vaults:1 | Entered Level 1 of the Vaults
 46026 | Vaults:1 | Reached skill level 11 in Shields
 46163 | D:13     | HP: 36/183 [deep troll[an ironbound preserver] (8)]
 47681 | Vaults:1 | 9% mark
 47718 | Vaults:1 | Reached skill level 12 in Shields
 48602 | Vaults:1 | so many thunderhulks
 48602 | Vaults:1 | so, so many
 48602 | Vaults:1 | that's the 7th already and I haven't explored even a half
                  | of the first level of vaults
 48970 | Vaults:1 | i haven't found even one !degen yet
 48970 | Vaults:1 | unbelievable
 49031 | Vaults:1 | Found a transporter.
 49031 | Vaults:1 | Noticed theMacoje's ghost (adept OnEn)
 49037 | Vaults:1 | Noticed a dread lich
 49061 | Vaults:1 | Found a transporter.
 49345 | Vaults:1 | Found Feroes's Armour Emporium.
 49769 | Vaults:1 | Reached XP level 20. HP: 161/193 MP: 31/31
 49845 | Vaults:2 | Identified the +12 arbalest "ETAOIN SHRDLU" {heavy, rCorr
                  | Str+3 SInv}
 49848 | Vaults:2 | wew
 49857 | Vaults:2 | Found a magical portal.
 49923 | WizLab   | Entered Eringya's Formal Garden
 49994 | WizLab   | Reached skill level 16 in Invocations
 50037 | WizLab   | Reached skill level 11 in Evocations
 50512 | WizLab   | Reached skill level 20 in Fighting
 51143 | WizLab   | Found a blossoming altar of Fedhas.
 51495 | Vaults:2 | ...
 51500 | Vaults:2 | nice teleport
 51500 | Vaults:2 | back to the spot i blinked away from
 51500 | Vaults:2 | what's the fucking chance? hmm? i would like to know
 51500 | Vaults:2 | fucking rng bullshit
 51500 | Vaults:2 | always happens when you're at 40% hp or lower
 51503 | Vaults:2 | and another teleport to a barely safer place right next to
                  | that one
 51503 | Vaults:2 | this level must be really small!
 51510 | Vaults:1 | HP: 29/193 [ironbound frostheart (15)]
 51515 | Vaults:1 | HP: 29/193 [ironbound frostheart (19)]
 51516 | Vaults:1 | HP: 7/193 [slime creature (16)]
 51516 | Vaults:1 | Mangled by an ironbound frostheart

Illustrated notes ##......#....#....#...#....#.. #...#####..####'####..#....#.. ####...##+#####...##..#....#.. #....# #..........#....##. #....# #..........#....##. ##....# #..........##...##. #<....## #########..##...##. ########..##.....##.......#.. #.@..'@.............#.. #..!.#..............#.. #### #########'###..##. ##.###.###..##. #...'.......... #...#.......... #...#.......... #...#.......... ############### Turn 4693 on D:5: >flail of holy wrath ..............### ................# ................### ...............##.## ...................## .......#...##.......# .....###..##......### ......##..#..###.## ......#......#..@# ...##..##.>.......)# ...#...............# .###......##..<....# .# .### #..##..## .# #... #### . #.## .. Turn 5471 on D:6: >triple crossbow ######......)########..# #.........###......###.# #.........# #......# #.# #.........###......###.. #.........)))....).+.... #.........###......##### #........)# #......# # #.........# #......# # #.....o@..# #......# # #.....o#### ######## ### #......##8###8###8###.## #......#...#...#...#...# ######.........))......# #.........)....o..' ##..............o.# ##...#...#.).#...# ##8###8###.## 8## Turn 9219 on D:9: "49%" Y....... Y......# ..Y..... ....... ........ ...... #....... #.... .. #....... #... ..#....... #######..# #.#..8.... .........# #.#....##' .......@.# #....8.... #####....# #......... #....# #....8.<†. #....# #......... #....# ####....8.... ######....# #............ ..........###.........### #####..........!....### #...!...........# Turn 9723 on D:10: huh? ######### ##.......## ### ##.........## ##.## ##..#######..## ##...## ##.)##. ..##..## #.....# ##..#♣.. ..##..## #.....###..##..♣#♣♣♣..#...# ...∩..~~~..#..♣♣...♣♣.♣...# ......~~~..♣..#.@≈..♣.♣~..# ......~~~..#..~.≈≈≈.♣.~~..# ......~~~..#..♣..≈).♣.#~..# ...∩).~~~..#..♣♣..)♣♣.#)..# #..)).###..#♣..♣♣#♣♣..#...# #.....# ##..##.......##).## ##...## ##..##.....♣#..## ##.## ##.)#######..## ### ##...).....## Turn 10330 on Bailey: looks pretty shitty for a bailey, not gonna lie ######### ##....... ###....... . ##...#....# ... #.........#.... .......hh.l..$h .......@S.F.... .#.....#hF..... #....Fl #hh.... ....F.. ...... ....... ..... ....... ..... .....#. .... .(...## .... Turn 11511 on Lair:1: great #....................#....P.# ##.......##..................## #..#..##................).....# ##.##....#.##.#P#......^.......## #...........######..............# #..#.....#...####.#.............. ..##.8.8.##..##.8.#.............# ................35.#...........## ......<...#..+.5@58#...........# ..#.......#..#.)55............## ..#..8.8.##...#.8.##P........P# ...#.....#..#.#######.......### #...........### ##.......# ##..#...#..# #........# ##..####...## ##.......# #.......#.### #........# ###..........# ###........#. Turn 14570 on Lair:2: motherfucker ... .#### #..# #.... ##...# #.## #.... ....# #..# #.... #...# #.### #.... #...###...# ###....###...##...## .......?#P...#.#.## ............^....# ....?..@.........# ......†).........# .................# ......#.P...#.....# .P....#.######...## #......## #...# ##..... #.... #... # Turn 16249 on Lair:4: oh ..............##..## ...........#..##.## P..........P.###..# #............###.P# #............##..P# .............##..## .......#...$.###.# .......###..#.##.## .P..#### .#####@.# ...P # ##..# #..## #..# ###.# ##...# #####....# #..J#....# #>.J+....# Turn 17752 on Lair:5: maybe later #..## ##..# #.P.# ##..## ###†÷## . ###...## ... ###.....# P....#######......## #...@........P## ##...........## ##P.P.####### ###### Turn 18687 on Lair:5: a shield would be nice... ###### #....#### ### ####......##..##h## ##.........#....#..# ##............## ... ##........#.)...# ... #...[))...#.....###... #...[@.......##.##.##. #...().......#.......# ##.......#.##........# ##......#.#........## ##.................. #...##............. #...###............. #....# .............. #...##...........#... Turn 22341 on Orc:2: ow #....#..........#..#...# #...##........#....##### #. #.....##..####..#.## ##..##.....###### ##....# #...#......##...## ##...## #.........##.....## #....# #........##.......###)..## .......)[....()[...###.## .......).....[@)..)..#..# ........)....)).........# #........##).......#.)#.# #.........##......####[)# #..........##...### #)## #..........###### ##.# #..........# ### .....#...... .....#...... Turn 22628 on Orc:2: unkillable orc warrior ###........##^.#....## #......<...###...#### ............###.## ............# ## ............### .........##...# ## ...############ T.### ...#.....# #####.o.$.# ...#)....# #.'@'Koo... ..))).⌠..# #.###K..$$# ...#.....#####.# .$### #..#.....#...#.# ## ######'###...#.# ........))._.'.# #+###+##)#...### #.#...# #.##+## Turn 23515 on Orc:2: oof ... #...#......##. #.##### ### #.........##.. #...... ..# #........##... #.....# #.# .......)[....( #..⌠..# #.. ........).....[ ###.....# +.# 8........))...[ ........# #.####........##).. ## #.#####.####.#..#.........##.. +.. #.(.#.)....@).#..........##. #... #).)#.######..#..........### #....##'##.# ####..........### .....).....# . #.....#....)..# ####+###.###..## #......#....... #.# .... ##.....##...... #.###.... ##.....##..... ##'#....# ###...[.###.... ##.....######.#...#)[[###... Turn 24081 on Orc:2: acrobat or guardian spirit #(.#.####.#####.## ####.#).#......... ####.'.)#.....#### +....#..#..⌠..#..# ####.####.....#..) ####..........#..# #.)####.#####.#### #..'....#.(.#.)... #@.#....#).)#.#### ####....##'##.# ......).....# . .#####+###.###..# # #.# ... #.###... ##'#....# ##.....### ##......... Turn 24441 on Orc:2: wow, second ring #.## ##### #.## #.:.# ##.## .4..4 #..### .o4 ##..#. 3o4 ## #.... #o# #.# ##)). #o# ###..# ##.. ##@####.##...###... ##### #.###..## #...##... ##...## #...#...# ##..#)... ##.....## ##......# ##.))... ##.......## ##....## #.....# #.........# ##....# ##.....# #....∩....# ####..## #....### #.....?...# ##..#...###....# ###.......## #..............# Turn 25482 on Orc:2: uh +##### .....# #....# #....+ #@...# #........ ..###.... ..>9 ... ..... . ..##### #+# Turn 26253 on D:12: bazaar ##### #.... ##..# #@.# ##..# #.... ##### Turn 26980 on Bazaar: 106 gold, let's go ### ##### ##@## ##.....## #.N.# ##..# #..######.⌠.#### #∩.## ##..'...........'. ##..###..######.⌠.###### ##.....## #...# ####### ##∩## ### Turn 26998 on Bazaar: eh, not all was lost #.......# #.......# ######.......# #............# ##.###........## B..###...###........+ #.....@............# ..####...#..........# ##.##..........# #####.............# # .............###### .............# .............# .............# .............# #### Turn 27056 on D:12: one ?enchant armor and a few ?teleportations mostly ..... #...........# ..... ###...........# ......#.+....<......+ ......#.#.......)...# ......+.#)..........# .........#######+#### ..>....#..## ......#.#..# #.#.#.@.#.# #....#.#..# ####..#...... ##. ....... ## #y..... ..@... .y.y.. .<.. Turn 27918 on D:13: uh oh .............####'#####...####### ........###### #.....#...#...... ........# ##....#...#...... ........# #....'...'...... ........# #<...#####...... ........##########............... ........#...##..#..###........... ........#...#.....>).#........... ........#...#...@....#........... ....#####...##..######..(..##'### ....# ##...##'##..........#..... ....# #....'...#..........#..... ....# #....#...'..........+..... ....#############..........###..# ....................####.....#..# ....................#..#.....#... ....................#..#...>.'... Turn 27936 on D:12: and i have exactly 0 willpower .. ####.# #....## #..g..## #.....$## #.......# #.....Y.+ #.@.....# #......## #....!## #....## ##+..# ... .... ..... Turn 27973 on D:13: lmao .#...##...#.....#....# .######...#######....# ##........##....##'### ...........#........# ...........#........# ##.######.###..###..# ##.######.###..###..# ....#...............# ....#...........@...# ....#.#########.....# #..##.....#.........# #..##.###.#.#####...# #..##.#...#...###...# #.....#.#####.#.....# +.....#.......#.....# ##..#.#.#####.##.#### ..###.#...#...##.# Turn 27975 on D:12: yeah, I'm out .......#....... ....N...S...S.. ............... ..N.N.......S.S .S............. ...S.........N. ........>...... ..N....@8>....N ............... ...S........... ..S.....?...... ..N.N.......N.S ............... ....S...S...S.N ............... Turn 28125 on Snake:1: ... ### # ######.## # ###...#...## ###### #...⌠...)..###..#.# #.@.....#)).#...... #.[.⌠..###......... ###...## ##...#.... ##### ##.##.... ############.... #.....#....###.# # ##....##....##PPP #.####.#.##........PPP #.......[.......P.... Turn 28127 on Lair:3: fuck no .PPPP....PP..####.####.#.♣.P♣.# ..P.P.....................♣♣..# PPPP)...#..............#.P...P# ...................#.......#### .....#.....#.......P.....#.# ........###...~~[.....P##### .......## ##.~~~~~~~...###### ....PP..# #..~#.#~....#.#..# ...#.P### ##.~.@.~~........## .#...## ##.~#.#~~#####.#..#### ##...#### #..~~~~~~~# ####.~#~# #....##P####..~..~.~## #....PP♣ #..............≈#.### #....~~~ ....#≈~~~≈~~≈~~...~# ##....P~ .~~≈≈≈≈~≈≈≈≈≈≈≈~~≈### #....~~ ~~~≈~~~≈~≈≈~≈≈≈≈≈≈≈≈# #...P~~ ~≈..........≈~≈≈≈≈≈≈≈≈ #....~♣ Turn 28236 on Lair:3: looking grim tbh .PPPP....PP..####.####.#.♣.P♣.# ..P.P.....................♣♣..# PPPP)...#..............#.P...P# ...................#.......#### .....#.....#.......P.....#.# ........###...~~[.....P##### .......## ##.~~~~~~~...###### ....PP..# #..~#.#~....#.#..# ...#.P### ##.~.@.~~........## .#...## ##.~#.#~~#####.#..#### ##...#### #..~~~~~~~# ####.~#~# #....##P####..~..~.~## #....PP♣ #..............≈#.### #....~~~ ....#≈~~~≈~~≈~~...~# ##....P~ .~~≈≈≈≈~≈≈≈≈≈≈≈~~≈### #....~~ ~~~≈~~~≈~≈≈~≈≈≈≈≈≈≈≈# #...P~~ ~≈..........≈~≈≈≈≈≈≈≈≈ #....~♣ Turn 28307 on Lair:3: oka would be nice here ~...~≈≈.# ~~~~~~≈.## ~.~~~≈≈~.## ~.~~~~~~..## .. ≈~~~~~~~~..# .~. ≈≈≈≈~~~.~~.## ##.~. ≈≈≈≈≈≈≈≈≈≈≈~~~~~...###..~~. ≈≈≈≈≈≈≈≈≈≈≈≈~~~...##...~~~. ≈≈≈≈≈≈≈≈≈≈≈≈~~..@###~~..~~~ ≈≈≈≈≈≈≈≈≈≈≈≈~~..~~~~~~~~~~~.. ≈≈≈≈≈≈≈≈≈≈≈≈~~~.~~~~~~~≈≈~~... ≈≈≈≈≈≈≈≈≈≈≈≈~~~~~~~~~~~≈≈~....~ ≈≈≈≈≈≈≈≈≈≈≈≈≈~~~~~~~~~~~~~~.... ≈≈~~~≈≈~PPP≈P~~~~~~~~~~~~~~...# ~~###~.~PPPPP~~.~~~...~~~~~...## ~~.##....~~P....~~~.#.~≈~~......[ ~~..#####..###.........~~~~...... Turn 28994 on Shoals:1: really grim ≈≈≈≈≈≈≈≈~~~~~≈≈≈≈≈≈≈≈ ≈≈≈≈≈≈~~~~~~~≈≈≈≈≈≈≈≈ ≈≈≈≈~~~~~~~~~~≈≈≈≈≈≈≈ ≈≈≈≈~~~~~~~~~~~≈≈≈≈≈≈ ≈≈≈~~~).)....~~≈≈≈≈≈≈ ≈≈≈~~~..)><..~~~≈≈≈≈≈ ≈≈≈~~~~...##.~~~≈≈≈≈≈ ≈≈≈~~~.<.##.~.~~~≈≈≈≈ ≈≈≈~~~.~...~~@.~~≈≈≈≈ ≈≈≈≈~~~~~~..~~~~≈≈≈≈≈ ≈≈≈≈≈~~~~~~~~~~~≈≈≈≈≈ ≈≈≈≈≈~~~~~~≈≈≈W≈≈≈≈≈≈ ≈≈≈≈≈≈~~~≈≈≈≈≈≈≈≈≈≈≈≈ ≈≈≈≈≈≈≈≈≈≈≈≈≈≈≈≈≈≈≈≈≈ ≈≈≈≈≈≈≈≈≈≈≈≈≈≈≈≈≈≈≈m~ ≈≈≈≈≈≈≈≈≈≈≈~~~~ Turn 29100 on Shoals:2: wow, that's fair ≈≈≈≈≈≈≈≈≈≈≈≈≈≈≈≈≈ ≈≈≈≈≈≈≈≈~≈≈≈≈≈≈≈≈≈ ≈≈≈≈≈≈≈≈~~~~~≈≈≈≈≈≈≈≈ ≈≈≈≈≈≈~~~~~~~≈≈≈≈≈≈≈≈ ≈≈≈≈~~~~~~~~~~≈≈≈≈≈≈≈≈ ≈≈≈≈~~~~~~~~~~~≈≈≈≈≈≈≈≈ ≈≈≈~~~).)....~~≈≈≈≈≈≈≈≈ ≈≈≈~~~..)>@..~~~≈≈≈≈≈≈≈ ≈≈≈~~~~...##.~~~≈≈≈≈≈≈≈ ≈≈≈~~~.<.##.~..~~≈≈≈≈≈≈ ≈≈≈~~.......~..~~≈≈≈≈≈≈ ≈≈≈≈~~~~....~~~~≈≈≈≈≈≈≈ ≈≈≈≈≈~~~~~~~~~~~≈≈≈≈≈≈≈ ≈≈≈≈≈~~~~~~≈≈≈≈≈≈≈≈≈≈≈≈ ≈≈≈≈≈≈~~~≈≈≈≈≈≈≈≈≈≈≈≈≈≈ ≈≈≈≈≈≈≈≈≈≈≈≈≈≈≈≈≈≈≈≈≈≈≈ Turn 29123 on Shoals:2: ok, you can force an avatar to come close by breaking line of sight with fog or steam ≈≈≈~# ~≈≈.# ~~≈.## ### ~≈≈~.## ##.. ~~~~..## #... ## ~~~~~..# #.~. ..... ~~~~~~.## ###.~. #......... ~~~~~~..###..~~.## ##.~....... ≈~~~...##...~~~~@###..~....... ≈~~..<###~~~~~~~~............. ≈~~....~.~~~~~~~~....#.~...... ≈~~...~..~~~≈≈~~~.~~.........$ ≈~~~....~~~~≈≈~~...~).....~~.. ≈≈~~~....~~~~~~~....)..~..~~~. ≈P~...~~.~~~~~~~~~.###....~~~~ PP~...~....~~~~~~~)###....~~~~ P.....~..#.~≈~~~...).[...~~~~~ Turn 29200 on Shoals:1: normal merfolk are yellow threats #..........~≈≈≈≈≈# #..........~≈≈≈≈≈# #.........~≈≈≈≈≈≈# #.........~≈≈≈≈≈≈# #........~~≈≈≈≈≈≈# #........~~≈≈≈≈≈≈# #.......~~~≈≈≈≈≈ #......~~~~≈≈≈≈≈ #..[@...~~≈≈≈≈≈≈ #######..~~≈≈≈≈≈ ##.~~≈≈≈≈≈ #.!~~≈≈≈≈≈ ...~~~≈≈≈≈≈ ~..k~~~≈≈≈≈≈≈ ~~~~~~~~~≈≈≈≈≈≈ ~~~~~~~~≈≈≈≈≈≈≈ ~~~~~~≈≈≈≈≈≈≈≈≈ Turn 29777 on Shoals:1: minor destruction doesn't do shit anymore :( ~~.....~~~~≈≈≈~~>............ ~~....~~~~≈≈≈≈~~.~.....≈≈≈... .~~~~~~~~~≈~~~~≈≈~.......##≈# ...~~~~~~~~###~~≈~..........# #.###~~~~~..##~≈≈~.....)..... )..##.~~~......~≈~........... ...........~~~~~~............ .....~~.~~~~~~~.......###.... .....~~~~~~~....@..#### .... ~~.~~~~~~~~~>).....# .~~ ...~~~~~~~~~.......## .~ ...~~~~~~~~~.)###.).## .#..~~~≈≈~~~~..##....# .....~~≈≈≈~~~.......#.# ~~~~.~~≈≈≈~~~.....P.P... ~~~~~~≈≈≈≈~~~P~.P...P~~.. ~~~~~≈≈≈≈≈~PPPP~.~P~~P~~.P Turn 30460 on Shoals:2: at least i'm winning 1v1s against impalers... ~~~~~........~~~~~ ~~~~~~~~...~~~~~~~ ~~~~~~~~...~~~~..~ ~~~~~~~....~~~$~~~ ~~~~~~.....~~~~~~≈ ~~≈≈~~.....~~~~~≈≈ ~≈~~~~..<..~~~~≈≈≈ ~~~~~~....~$~~≈≈≈≈ ≈≈≈~~~÷@..~~~≈≈≈≈≈ ~≈≈~~~~~~~~~~≈≈≈≈≈ ~~~~~~~~~~~~~≈≈≈≈≈ ~~~~~~~~~~~~~≈≈≈≈≈ ~~~~~~~~~~~~~≈≈≈≈≈ ~~~≈≈≈≈≈≈≈≈≈~≈≈≈≈≈ ≈≈≈≈≈≈≈≈≈≈≈≈~≈≈≈≈ ≈≈≈≈≈≈≈≈≈≈≈≈≈≈≈≈ Turn 30803 on Shoals:3: way too many for comfort

≈≈≈≈~~~~≈≈≈≈≈≈≈≈~~~..........##..
≈≈≈≈~~≈≈≈≈≈≈≈≈≈≈~~~~~.........~≈~
≈≈≈~~~~≈≈≈≈≈≈≈≈≈~~~~~.........~~.
≈≈~~~~~≈≈≈≈≈≈≈≈≈≈~~~.............
≈~~~~~~~≈≈≈≈≈≈≈~~~~....####......
~~~~~~~~~~~≈≈≈≈~~~~)......####.##
~~.....~~~~≈≈≈~~~~...........###.
~~...#.~~~~≈≈≈~~.÷...............
~~.....~~~~≈≈≈~~@................
~~....~~~~≈≈≈≈~~.~.....≈≈≈.......
.~~~~~~~~~≈~~~~≈≈~.......##≈## #≈
...~~~~~~~~###~~≈~......[...#####
#.###~~~~~..##~≈≈~....[).......~~
)..##.~~~......~≈~............[[~
...........~~~~~~.............~~~
.....~~....~~~~.......###.....~~~
.....~~~~~~~.......######....~~~~


Turn 32642 on Shoals:2: HOW ≈≈≈~~~~<....).~~..~~~ ≈≈≈~~~........~~..~~~~~
≈≈≈≈≈~~............~~~~~ ≈≈≈≈≈~~)............~~~~ ~~~~~~..~~..........~~~~
≈~~.###~~#....).......~~~ ≈~..#######)†..........~~ .~#~~~.#..#~...........~
#~~~≈@).#............~ #~~#~#.~#)......####~ #~≈~~~≈##.......######
##~#~#.###S...##..~~#. #...≈...#.....##...≈.. ##.#~#.###m...~#..#.#.
#######......~##≈.).≈ #......###.#.#. ........##...≈.. Turn 33938 on Shoals:4:
no ~~~...~~... ≈~~~..~~.. ~ ≈~~~d~~~.. .~ ≈~~~~~~~.## ... ≈≈~~~~~~..#...~
≈≈≈≈≈~~~...~~~~ ≈≈≈≈≈≈~~~~~~~~~ ≈≈≈≈≈≈~@~~~~~.# ≈≈≈≈≈≈≈~~~~~~.# ≈≈≈≈≈≈≈≈≈≈~~~..
≈≈≈≈≈≈≈≈≈≈~~~~~ ≈≈≈≈≈≈≈≈≈≈≈~~~~ ≈≈≈≈≈≈≈≈≈≈≈≈~~~ ≈≈≈≈≈≈≈≈≈≈≈≈≈≈≈ ≈≈≈≈≈≈≈≈≈≈≈≈≈≈≈
Turn 35121 on Shoals:4: oh really #≈≈≈~~. ~~~~~~ #≈≈≈~~. ~~~~~^~ #≈≈≈~~.
.~~~~~~~~ #≈≈~~~.##~~~...~~ #≈≈~~~...~~.....~ #≈≈≈~~~..~~..... ~
#≈≈≈~~~~~~~......~ #≈≈≈~~~~~~~.## ... #≈≈≈≈~~§@~~..#...~ #≈≈≈≈≈≈≈~~~...~~~~
#≈≈≈≈≈≈≈≈~~~~~~~~~ #≈≈≈≈≈≈≈≈~~~~~~~.# #≈≈≈≈≈≈≈≈≈~~~~~~.# #≈≈≈≈≈≈≈≈≈≈≈≈~~~..
#≈≈≈≈≈≈≈≈≈≈≈≈~~~~~ ≈≈≈≈≈≈≈≈≈≈≈≈≈~~~~ ≈≈≈≈≈≈≈≈≈≈≈≈≈~~~ Turn 35145 on Shoals:4: of
course you won't drop the armor ~~~~~~~~.....~~~~ ...≈≈.. ~~~~~~~~.........
~~~≈≈~. ≈≈≈~~~~?......... ≈≈≈≈≈~≈ ≈≈≈≈~~~~~....~.## ≈≈≈≈~~~ ≈≈≈≈~~~~~....### ###
≈≈≈~~~ ≈≈~~~~~~.....##..## ≈≈≈~~~ ≈≈~~~~~~......≈...# ~≈≈≈~~
≈≈≈~~~~~.)..#.#.#.~# ≈≈≈≈≈~ ~~~~~~~.()2@.≈...≈## ≈≈≈≈≈~ ~~~~~~~~.%.~.#.#.#.~#
~≈≈≈~~ ..~~~~~~........≈...# ≈≈~~~~ ≈~~.#.~~~~~~........~...# ~~~~~~
≈~~.#.~~~~~^.....#######~~ ≈~~~~~ ≈~~.#.~~~~~~~~..~##~ ≈≈~~~~
~~~.##~~~...~~~~~~~~~ ~~~~~ ~~~...~~.....~~~~~~≈≈≈ ~~~~# ≈~~...~~......~~~~≈≈≈≈≈
~### Turn 35242 on Shoals:4: wow, a ring #####..............
..##.##............# .##...##...........# #..§..##...#####..# ##...####<.# .#
.##.##..#'.# # ..###..††### ..###..°.)## .# ##@...## +...'#..##≈# #..Q..####≈≈≈#
#...... ##≈≈☼≈≈# ##..... #≈≈≈##. #+...+ #≈##.. ##.# ##G. ## .. Turn 37999 on
D:15: uh .............# .............####################
................................. ####.........[#######'###........
...#..........#.........#........ ...#...##'##.#######....#........
...#...#...#.# ### #....#####.... ...##..#...#.###∩###........#....
....#..#...#.##.@.##........#.... ....#..'..|#.#.....#........#....
#####.†#####.##...######'####.... .............#.....#.............
.............##...##............. #####........#.....#............#
....###########...############..# .............###'###.........#..#
.########....................#..# Turn 39090 on D:15: seven potions of haste to
enter the trove ##### #####...# .......# ######....# #..@....<.# #.#####...# ..
##### ee. EE# # Turn 39405 on Elf:1: 17% banishment ### ##.## #.@.# ##.## #.##
##### #.## ##.:.## ##.## ##.....## #..#### #...⌠...# #####..#.## ##.)...## ##.#
#.....## ###)### #.## ##))...# Turn 39412 on Orc:2: maybe later .... .... .....
p.. p.. #.###### #.'....# #@...# #.#....# #.#....# #.#....# ##'####'#####
#...#...#...######### ...#...#...#...#........ ...'...##.##...#.....[..
####.....####.......) Turn 47681 on Vaults:1: 9% mark ...##.##..[[).)[....#
...#...#...#...∩....# ...#[..#...#.....[..# ############..[.)...# #........#
#....)...# #####'########### #.).........# ####@..[.......# ......'...........#
.....§'....[......# ......#...........# ...^..#...........'...
......#...........#... .O... #...........# .. ..... #...........# #...........#
Turn 48602 on Vaults:1: so many thunderhulks ...[..')†......# .....)##########
......# ######## ......# #......# ......# #......# ......# #......# )[....#
#......# .∩....# #..>...# ...[..# #.@....# ))[...# ##'###### #### ......#
#....#..# ...# ..)...# #....#..#....# ##'###########....#..#....#
#.).........#...'#..#'...# ##...[.......#####....#####
.'...........#............# .'....[......#....†.......# Turn 48970 on Vaults:1:
i haven't found even one !degen yet ######### #.......# #######
#..()...####.....### #~.#.......##....<....## +..'...@..)'.^.........#
#~.#.......#...[...<...+ #~ #..$....#...........# ≈ #.......##....>....##
############.....### ####### Turn 49848 on Vaults:2: wew ## ####### ...
###.....### ... #.!..>....## ... ....$○T[J..# ... '...s.Bp@T..# ..J ......Js^..#
... #....?....## ... ###.....### ## ####### Turn 51495 on Vaults:2: ... ####
####### ....^## ###..p..### ....[..###.!..>J...## ........#.s..TsB@)..#
....>$..'....J.T<...# .....^..#.......$^..# .......###....?....## .....##
###.....### ##### ####### Turn 51500 on Vaults:2: nice teleport ### ..# #######
###### #### ..####.....### ###....^## ###... ..##....<....###......[..###.!..>
.['.^.........#...........#....s. ..#...[...$..'.....T
..#...........#JJ......^..#...... ..##....>....###@J.......###....?
######.....### ###.....## ###... ####### ###### #### Turn 51503 on Vaults:2: and
another teleport to a barely safer place right next to that one

Levels and vault maps discovered:
D:1:      eino_arrival_tree_alley, layout_rooms, serial_rivers,
          chequers_serial_rivers_micro_e, chequers_serial_rivers_micro_d,
          chequers_serial_rivers_large_b, chequers_serial_rivers_small_b,
          chequers_serial_rivers_micro_c, chequers_serial_rivers_small_b
D:2:      layout_loops_cross, uniq_natasha, uniq_crazy_yiuf_cottage
D:3:      layout_loops_ring, mainiacjoe_overflow_brackets,
          mainiacjoe_overflow_tiny_flanked, serial_rivers,
          chequers_serial_rivers_micro_e, chequers_serial_rivers_micro_c,
          chequers_serial_rivers_micro_d, chequers_serial_rivers_micro_c,
          chequers_serial_rivers_large_a, shapermc_ecumenical_altar_hornbeckon,
          uniq_robin, uniq_sigmund
D:4:      layout_loops_corners, mainiacjoe_overflow_boulevard
D:5:      layout_gridville, temple_garden, uniq_edmund
D:6:      layout_cave_pools, nicolae_qazlal_beasts_of_the_sky, uniq_jeremiah,
          uniq_blork_the_orc
D:7:      gammafunk_the_bubble [the_bubble_gammafunk_roulette], layout_basic,
          chequers_temple_overflow_minitemple
D:8:      layout_loops_ring, roadster_capsule_ark_zombie, uniq_prince_ribbit1,
          uniq_maurice
D:9:      layout_basic, david_orc_4, gammafunk_ghost_cemetery
D:10:     layout_irregular_city, dpeg_lair_monsters, enter_bailey_2,
          serial_column_ruins, column_ruins_hut_water, column_ruins_hut_ruined,
          column_ruins_grid_1, column_ruins_open_small, column_ruins_grid_4,
          column_ruins_columns_T, column_ruins_columns_straight,
          column_ruins_grid_3
D:11:     layout_loops_corners, evilmike_ruin_ashenzari
D:12:     layout_gridville, serial_shops, bzr_entry_gold,
          minmay_misc_feat_ornament, minmay_fountain_box
D:13:     layout_roguey, lightli_vaults_fourway_checkpoint,
          portal_ice_cave_entry_pillars_2, uniq_jorgrun, uniq_rupert
D:14:     layout_basic
D:15:     grunt_enter_depths_snipers, layout_irregular_city,
          nicolae_trove_entry_crystal, serial_shops, nicolae_shop_drivethru,
          dilly_guarded_unrand_elemental_staff
Temple:   hellmonk_temple_of_storms
Lair:1:   layout_cave_shapes, lemuel_fruit_fields
Lair:2:   layout_cave_pods, chequers_serial_rivers_room_a, grunt_megastairs_2
Lair:3:   pond_and_an_island_with_a_cottage, layout_misc_corridors,
          nicolae_shoals_entry_roost, nicolae_snake_entry_squirm, serial_forest,
          infiniplex_forest_end_3, infiniplex_forest_straight_2,
          infiniplex_forest_split, infiniplex_forest_straight_5,
          infiniplex_forest_corner_1, infiniplex_forest_straight_4,
          infiniplex_forest_diagonal, infiniplex_forest_clump_long,
          infiniplex_forest_side_room, serial_bayou_shore_b, uniq_nergalle
Lair:4:   layout_regular_city
Lair:5:   grunt_lair_end_beastmaster, layout_misc_corridors, slime_entry_2,
          serial_bayou_pond_e
Shoals:1: layout_shoals, nicolae_shoals_wave_tunnel
Shoals:2: layout_shoals, nicolae_shoals_pincushion_passage, uniq_ilsuiw
Shoals:3: argonaut_golden_fleece, layout_shoals, uniq_mara
Shoals:4: shoals_end_grunt_ice, layout_shoals, uniq_aizul, uniq_bai_suzhen,
          uniq_mlioglotl
Snake:1:  layout_onion_interference, nicolae_snake_squiggles, evilmike_ambush
          [evilmike_ambush_outer_basic, evilmike_ambush_inner_basic],
          grunt_megastairs_1, lemuel_fruit_tree, minmay_shoptagon, uniq_asterion
Snake:2:  layout_cave_shapes, hangedman_snake_corridor_cut
Snake:3:  layout_gridlike, ebering_ghost_xom, grunt_megastairs_5,
          minmay_shop_grove, uniq_louise
Snake:4:  grunt_snake_rune_serpentine_throne, layout_basic,
          nicolae_snake_gridmaze_entwining
Orc:1:    layout_caves, mines3_lemuel
Orc:2:    pubby_orc_utopia, uniq_josephine
Elf:1:    eino_elf_arrival_altar, layout_onion_city, minmay_elf_annihilation
Vaults:1: gammafunk_ghost_mausoleum, v_misc_28,
          nicolae_vaults_stairing_the_circle, v_misc_18,
          nicolae_vaults_taking_the_gang_shopping, v_misc_12,
          nicolae_vaults_sesquioval_fish, nicolae_vaults_offset_grid_hallway_3,
          ontoclasm_vaults_misaligned, v_misc_19, layout_vaults_omnibox
Vaults:2: mu_enter_wizlab_1, nicolae_vaults_ellipses_ellipsis,
          layout_vaults_maze_bifur

Skill      XL: |  1  2  3  4  5  6  7  8  9 10 11 12 13 14 15 16 17 18 19 20 |
---------------+-------------------------------------------------------------+-----
Conjurations   | 1 2 |  2.0
Fire Magic     | 3 |  3.0
Unarmed Combat | 1 2 4 5 7 9 11 12 14 15 16 18 19 20 | 20.8
Fighting       | 1 2 3 4 6 7 9 10 12 13 14 15 17 18 19 20 | 20.1
Dodging        | 4 6 7 9 |  9.1
Invocations    | 3 5 8 10 11 12 13 14 15 16 | 16.3
Evocations     | 3 5 6 7 8 9 10 11 | 11.3
Armour         | 3 5 6 7 8 |  8.0
Shields        | 6 8 12 | 12.7
Stealth        | |  2.1
Spellcasting   | |  1.7

Action                     |  1- 3 |  4- 6 |  7- 9 | 10-12 | 13-15 | 16-18 | 19-21 || total
---------------------------+-------+-------+-------+-------+-------+-------+-------++-------
  Melee: Unarmed           |    10 |       |   102 |   799 |  1692 |  1603 |   907 ||  5113
         Hand axe          |    33 |    21 |       |       |       |       |       ||    54
         Rapier            |       |     1 |     5 |       |       |       |       ||     6
         Quarterstaff      |       |       |    86 |       |       |       |       ||    86
         Punch             |       |       |     6 |    79 |   218 |    96 |       ||   399
  Throw: Boomerang         |       |       |       |       |     3 |     2 |       ||     5
         Dart              |       |       |       |       |       |     1 |       ||     1
   Cast: Foxfire           |    43 |    57 |    24 |     7 |     2 |       |       ||   133
         Scorch            |     5 |    30 |    21 |     1 |       |       |       ||    57
 Invoke: Minor Destruction |       |       |       |    23 |    34 |    28 |    13 ||    98
         Lesser Servant of |       |       |       |     3 |     6 |     2 |       ||    11
         Major Destruction |       |       |       |     1 |    11 |     3 |       ||    15
         Greater Servant o |       |       |       |       |     1 |     9 |     2 ||    12
  Evoke: Wand              |       |       |     2 |    16 |    30 |    15 |     3 ||    66
         Phial of floods   |       |       |       |       |     1 |       |       ||     1
         Lightning rod     |       |       |       |       |       |     7 |       ||     7
         Condenser vane    |       |       |       |       |       |     1 |       ||     1
    Use: Potion            |       |     1 |       |     3 |     2 |     7 |     1 ||    14
         Scroll            |       |     4 |     4 |    12 |    10 |    15 |     5 ||    50
   Stab: Sleeping          |     1 |     1 |     2 |       |     9 |       |       ||    13
         Distracted        |       |       |     1 |       |     2 |     8 |     4 ||    15
         Paralysed         |       |       |       |     5 |     3 |     8 |       ||    16
         Invisible         |       |       |       |     4 |       |       |       ||     4
         Petrified         |       |       |       |       |       |     7 |       ||     7
 Armour: Robe              |    41 |    50 |    21 |       |       |       |       ||   112
         Ring mail         |       |       |    24 |       |       |       |       ||    24
         Steam dragon scal |       |       |    67 |       |       |       |       ||    67
         Acid dragon scale |       |       |    36 |   449 |  1015 |   553 |       ||  2053
         Chain mail        |       |       |       |       |       |   498 |   556 ||  1054
  Dodge: Dodged            |    70 |    43 |   127 |   523 |  1061 |   861 |   362 ||  3047
  Block: Buckler           |       |       |       |       |       |   395 |   104 ||   499
         Reflection        |       |       |       |       |       |    41 |   115 ||   156
         Kite shield       |       |       |       |       |       |       |   574 ||   574
